 Dungeon Crawl Stone Soup version 0.22.0-2-ge58baed0e8 (webtiles) character file.

94 kajmaj the Grave Robber (level 4, -1/30 HPs)
             Began as a Demonspawn Necromancer on Aug 12, 2018.
             Slain by an orc wizard
             ... wielding a +0 dagger
              (2 damage)
             ... on level 3 of the Dungeon.
             The game lasted 00:13:21 (2319 turns).

kajmaj the Grave Robber (Demonspawn Necromancer)    Turns: 2319, Time: 00:13:22

Health: -1/30      AC:  3    Str:  8    XL:     4   Next: 38%
Magic:  7/8        EV: 13    Int: 17    God:
Gold:   89         SH:  0    Dex: 14    Spells: 7/9 levels left

rFire    . . .     SeeInvis .   a - +0 dagger
rCold    . . .     Gourm    .   (no shield)
rNeg     . . .     Faith    .   f - +1 robe
rPois    .         Spirit   .   (no helmet)
rElec    .         Reflect  .   (no cloak)
rCorr    +         Harm     .   (no gloves)
MR       .....     Rnd*Tele +   (no boots)
Stlth    ++........             (no amulet)
HPRegen  0.10/turn              d - ring of resist corrosion
MPRegen  0.11/turn              m - ring of teleportation (curse)

@: no status effects
A: talons 1, demonic guardian 1
a: no special abilities


You were on level 3 of the Dungeon.
You were not hungry.

You visited 1 branch of the dungeon, and saw 3 of its levels.

You collected 89 gold pieces.

Inventory:

Hand Weapons
 a - a +0 dagger (weapon)
 b - a +0 hunting sling
 n - a +1 antimagic spear
Missiles
 l - 34 stones (quivered)
Armour
 f - a +1 robe (worn)
Jewellery
 d - a ring of resist corrosion (left hand)
 m - a cursed ring of teleportation (right hand)
Wands
 p - a wand of clouds (4)
Scrolls
 o - a scroll of teleportation
Potions
 e - 4 potions of lignification
 g - a potion of invisibility {unknown}
 h - a potion of heal wounds
 i - a potion of mutation {unknown}
 j - a potion of curing {unknown}
 k - a potion of degeneration {unknown}
Comestibles
 c - 8 rations


   Skills:
 + Level 2.5 Dodging
 - Level 2.2 Stealth
 * Level 3.1 Spellcasting
 + Level 5.0 Necromancy


You had 7 spell levels left.
You knew the following spells:

 Your Spells              Type           Power        Failure   Level  Hunger
a - Pain                  Necr           ###.         2%          1    None
b - Animate Skeleton      Necr           N/A          2%          1    None

Your spell library contained the following spells:

 Spells                   Type           Power        Failure   Level  Hunger
 Animate Dead             Necr           N/A          22%         4    ####...
 Vampiric Draining        Necr           ###.......   7%          3    ###....
 Regeneration             Chrm/Necr      ##........   19%         3    ###....


Dungeon Overview and Level Annotations

Branches:
Dungeon (3/15)

Altars:
Hepliaklqana


Innate Abilities, Weirdness & Mutations

You have sharp toenails.
A weak demonic guardian rushes to your aid.


Message History

A puff of flame appears from out of thin air!
The puff of flame hits you!
You miss something. The bat hits you but does no damage. Something hits you.
* * * LOW HITPOINT WARNING * * *
You barely miss something. Your kick misses something.
The bat barely misses you. Something hits you.
* * * LOW HITPOINT WARNING * * *
You barely miss something. The bat completely misses you. Something hits you.
* * * LOW HITPOINT WARNING * * *
Casting: Pain (safe; 2% risk of failure)
Confirm with . or Enter, or press ? or * to list all spells.
Aiming: Pain (safe; 2% risk of failure)
Press: ? - help, Shift-Dir - straight line, f - bat
Aim: a bat (heavily wounded, chance to defeat MR: 89%)
The bat writhes in agony!
You kill the bat!
An orc wizard appears from thin air!
Reactivating autopickup.
The orc wizard hits you with a dagger.
You die...

...........#######≈≈<.
........#### ##≈##
......#)..## #≈##
...)..##...# #≈#.
#####.##...# #§#.
#######.###..# +§§. .
##.....#......# #≈##
#.#.............# #≈#
#........o@.((..# #≈#
#...........†...## #≈#
#......))(......## ≈§
#................# #
#.....(...)......#
#................#
##...((...........#
##.....##......#...#
###..########.###.#


You could see an orc wizard.

Vanquished Creatures
  2 adders
  An ooze (D:2)
  4 worms
  3 dart slugs (D:1)
  3 orcs (D:3)
  A ball python (D:2)
  12 bats
  5 giant cockroaches
  3 goblins
  3 hobgoblins (D:1)
  3 kobolds
  A frilled lizard (D:2)
  A rat (D:2)
42 creatures vanquished.

Vanquished Creatures (collateral kills)
  A dart slug (D:2)
  An orc (D:3)
  A hobgoblin (D:1)
  3 kobolds
  A goblin (D:1)
7 creatures vanquished.

Grand Total: 49 creatures vanquished

Notes
Turn   | Place    | Note
-------+----------+-------------------------------------------
     0 | D:1      | kajmaj the Demonspawn Necromancer began the quest for the Orb.
     0 | D:1      | Reached XP level 1. HP: 13/13 MP: 3/3
   328 | D:1      | Learned a level 1 spell: Animate Skeleton
   423 | D:1      | Gained mutation: A weak demonic guardian rushes to your aid. [demonic ancestry]
   423 | D:1      | Reached XP level 2. HP: 17/19 MP: 0/5
   995 | D:1      | Reached XP level 3. HP: 8/24 MP: 0/6
  1534 | D:2      | Upgraded the game from 0.22.0 to 0.22.0-2-ge58baed0e8
  1670 | D:2      | Found a hazy altar of Hepliaklqana.
  1817 | D:2      | Found a faded altar of an unknown god.
  1986 | D:3      | Gained mutation: You have sharp toenails. [demonic ancestry]
  1986 | D:3      | Reached XP level 4. HP: 27/30 MP: 1/8
  2284 | D:3      | Reached skill level 5 in Necromancy
  2319 | D:3      | Slain by an orc wizard

Skill      XL: |  1  2  3  4 |
---------------+-------------+-----
Stealth        | 2 |  2.2
Dodging        | 2 |  2.5
Spellcasting   | 3 |  3.1
Necromancy     | 5 |  5.0

Action                   |  1- 3 |  4- 6 || total
-------------------------+-------+-------++-------
Melee: Unarmed           |    14 |       ||    14
       Dagger            |    13 |    15 ||    28
       Kick              |       |     3 ||     3
 Fire: Hunting sling     |    25 |    17 ||    42
 Cast: Pain              |    56 |    18 ||    74
       Animate Skeleton  |     8 |       ||     8
  Use: Scroll            |     5 |       ||     5
       Potion            |       |     2 ||     2
 Stab: Sleeping          |     1 |       ||     1
  Eat: Chunk             |     4 |     1 ||     5
Armor: Robe              |    26 |    11 ||    37
Dodge: Dodged            |    66 |    35 ||   101
